 Seeded DCSS version 0.27-a0-1325-g58a489a (webtiles) character file.

Game seed: 2478920174494696364 (custom seed)

88818 airbender the Spear-Bearer (level 15, 0/126 (132) HPs)
             Began as a White Draconian Wanderer on June 22, 2021.
             Was a High Priest of Makhleb.
             Slain by a spriggan rider (19 damage)
             ... on level 2 of the Swamp on June 24, 2021.
             The game lasted 03:54:52 (42462 turns).

airbender the Spear-Bearer (DrWn)                  Turns: 42462, Time: 03:54:52

HP:   0/126 (132)   AC: 21    Str: 23    XL:     15   Next: 47%
MP:   20/22         EV: 15    Int: 16    God:    Makhleb [*****.]
Gold: 223           SH:  5    Dex:  9    Spells: 13/21 levels left

rFire    . . .     SeeInvis +   J - +5 spear of the Queen {flame, rElec rC+ Str+3}
rCold    + + .     Faith    .   X - +1 buckler {AC+3}
rNeg     + + .     Spirit   .   (armour unavailable)
rPois    +         Reflect  .   g - +2 hat
rElec    +         Harm     .   c - +2 cloak {rCorr}
rCorr    +         Rampage  .   l - +0 pair of gloves
Will     +....                  t - +2 pair of boots
Stlth    ++........             V - amulet of the acrobat
HPRegen  0.31/turn              p - ring of poison resistance
MPRegen  0.18/turn              w - ring "Appacau" {rN++ Int+4 Dex-3 SInv}

@: lightly drained
A: breathe frost, AC +9, unfitting armour, cold resistance 1, cold-blooded
a: Breathe Frost, Renounce Religion, Minor Destruction, Lesser Servant of
Makhleb, Major Destruction, Greater Servant of Makhleb


You were on level 2 of the Swamp.
You worshipped Makhleb.
Makhleb was extremely pleased with you.
You visited 4 branches of the dungeon, and saw 23 of its levels.

You collected 1918 gold pieces.
You spent 1695 gold pieces at shops.

Inventory:

Hand Weapons
 J - the +5 spear of the Queen (weapon) {flame, rElec rC+ Str+3}
   (You found it on level 11 of the Dungeon)

   It has been specially enchanted to burn those struck by it, causing extra
   injury to most foes and up to half again as much damage against particularly
   susceptible opponents.
   It affects your strength (+3).
   It protects you from cold.
   It insulates you from electricity.
Missiles
 o - 47 poisoned darts (quivered)
 y - 3 boomerangs of dispersal
 D - 41 boomerangs
 F - 3 throwing nets
 L - 12 javelins
 P - 8 silver javelins
Armour
 c - a +2 cloak of preservation (worn)
 g - a +2 hat (worn)
 l - a +0 pair of gloves (worn)
 t - a +2 pair of boots (worn)
 u - a scarf of resistance
 X - a +1 buckler of protection (worn)
Jewellery
 p - a ring of poison resistance (left hand)
 w - the ring "Appacau" (right hand) {rN++ Int+4 Dex-3 SInv}
   (You bought it in a shop on level 2 of the Orcish Mines)

   [ring of see invisible]

   It affects your intelligence (+4).
   It affects your dexterity (-3).
   It greatly protects you from negative energy.
   It lets you see invisible.
 K - a ring of protection from fire
 U - a ring of positive energy
 V - an amulet of the acrobat (around neck)
 Y - a +4 ring of protection
Wands
 d - a wand of acid (25)
 e - a wand of mindburst (5)
 k - a wand of flame (42)
 n - a wand of polymorph (18)
 C - a wand of paralysis (4)
 O - a wand of charming (5)
 S - a wand of iceblast (2)
Scrolls
 f - a scroll of silence
 h - 2 scrolls of fear
 q - 4 scrolls of amnesia
 v - 3 scrolls of enchant weapon
 E - 2 scrolls of magic mapping
 H - 3 scrolls of identify
 M - a scroll of immolation
 N - 3 scrolls of blinking
 R - 5 scrolls of teleportation
Potions
 a - 3 potions of mutation
 b - 2 potions of curing
 j - 6 potions of brilliance
 m - 4 potions of lignification
 r - 2 potions of berserk rage
 s - 2 potions of magic
 x - 3 potions of flight
 G - 3 potions of haste
 Q - 4 potions of might
 T - a potion of resistance
 W - a potion of cancellation


   Skills:
 - Level 12.0 Fighting
 - Level 2.4 Maces & Flails
 + Level 13.0 Polearms
 - Level 1.0 Throwing
 + Level 10.9 Dodging
 - Level 4.0 Stealth
 - Level 4.0 Shields
 + Level 3.5 Spellcasting
 - Level 4.0 Conjurations
 - Level 6.0 Summonings
 + Level 6.6 Translocations
 - Level 1.0 Transmutations
 - Level 1.6 Fire Magic
 + Level 9.6 Invocations
 - Level 12.0 Evocations


You had 13 spell levels left.
You knew the following spells:

 Your Spells              Type           Power      Damage    Failure   Level
a - Foxfire               Conj/Fire      44%        2x1d6     5%          1
b - Blink                 Tloc           N/A        N/A       1%          2
c - Call Imp              Summ           22%        N/A       2%          2
d - Teleport Other        Tloc           24%        N/A       3%          3

Your spell library contained the following spells:

 Spells                   Type           Power      Damage    Failure   Level
 Apportation              Tloc           48%        N/A       1%          1
 Magic Dart               Conj           60%        1d6       3%          1
 Beastly Appendage        Tmut           12%        N/A       12%         1
 Conjure Flame            Conj/Fire      11%        6-21      17%         3
 Corona                   Hex            2%         N/A       19%         1
 Wereblood                Tmut           6%         N/A       19%         2
 Dazzling Flash           Conj/Hex       18%        N/A       24%         3
 Stone Arrow              Conj/Erth      18%        3d8       24%         3
 Ensorcelled Hibernation  Hex/Ice        4%         N/A       26%         2
 Slow                     Hex            2%         N/A       26%         2
 Mephitic Cloud           Conj/Pois/Air  7%         N/A       30%         3
 Spider Form              Tmut/Pois      2%         N/A       41%         3
 Confusing Touch          Hex            2%         N/A       47%         3
 Tukima's Dance           Hex            2%         N/A       47%         3
 Ice Form                 Ice/Tmut       4%         N/A       82%         4


Dungeon Overview and Level Annotations

Branches:
Dungeon (14/15)            Temple (0/1) D:6            Lair (5/6) D:8
  Swamp (2/4) Lair:3        Snake (0/4) Lair:3        Slime (0/5) Lair:5
    Orc (2/2) D:10            Elf (0/3) Orc:2        Vaults (0/5) D:13

Altars:
Ashenzari
Dithmenos
Fedhas
Gozag
Kikubaaqudgha
Makhleb
Nemelex Xobeh
Qazlal
Trog
Uskayaw
Wu Jian
Xom
Yredelemnul
The Shining One
Beogh

Shops:
D:7 (   D:10 *   Orc:1 (   Orc:2 =**[!(

Portals:
Trove: D:14 (show abyssal rune of Zot)

Annotations:
D:2 Terence
D:13 2 runed translucent doors, Xuta's ghost, journeyman FoFi
Lair:1 1 runed translucent door, Beischinu's ghost, journeyman MiFi


Innate Abilities, Weirdness & Mutations

You can breathe waves of freezing cold which knock back foes.
Your icy white scales are hard. (AC +9)
You cannot fit into any form of body armour.
Your flesh is cold resistant. (rC+)
You are cold-blooded and may be slowed by cold attacks.


Message History

The bunyip looks as sick as possible!
The bunyip is moderately wounded.
Your crimson imp hits the bunyip.
Your orange demon stings the bunyip.
Your orange demon barely misses the bunyip.
Throw: 49 darts (poison)
Press: ? - help, Q - select action, (/) - cycle Shift-Dir - straight line, f/p - bunyip
Aim: a bunyip (heavily wounded, extremely poisoned, ally target, 62% to hit)
You throw a poisoned dart. The poisoned dart hits the bunyip.
The bunyip is heavily wounded.
Your crimson imp blinks!
Throw: 48 darts (poison)
Press: ? - help, Q - select action, (/) - cycle Shift-Dir - straight line, f/p - bunyip
Aim: a bunyip (heavily wounded, extremely poisoned, ally target, 62% to hit)
You throw a poisoned dart. The poisoned dart hits the bunyip.
The bunyip looks as sick as possible!
The bunyip is heavily wounded.
Your orange demon stings the bunyip but does no damage.
Your orange demon hits the bunyip.
The bunyip claws your orange demon!! The bunyip claws your orange demon.
The bunyip claws your orange demon!!
Your orange demon dies!
The bunyip gives a hideous shriek!
A demon appears!
You miss the spriggan rider.
The spriggan rider hits you but does no damage.
The spriggan rider blocks your attack.
Your hellwing barely misses the spriggan rider.
The spriggan rider blocks your hellwing's attack.
You puncture the spriggan rider! You burn the spriggan rider.
Your tail-slap misses the spriggan rider.
The spriggan rider is moderately wounded.
The spriggan rider barely misses you.
You barely miss the spriggan rider.
The spriggan rider is moderately wounded.
Your hellwing hits the spriggan rider.
Your hellwing misses the spriggan rider.
The spriggan rider blocks your attack.
Your tail-slap misses the spriggan rider.
The spriggan rider is moderately wounded.
The spriggan rider hits you with a +0 spear!!
You die...

..≈v≈≈♣.♣ ♣.≈≈§≈.≈.≈...♣♣
♣..[≈≈≈.♣ ♣≈§≈≈≈≈♣.≈.§≈≈♣
♣≈.≈≈≈≈.♣ ♣.≈≈♣≈≈♣.≈≈≈.♣
♣♣..≈≈≈.♣♣ ♣♣.≈≈≈.D≈.≈≈.♣
♣♣≈...≈≈.♣♣
♣♣≈≈≈≈≈≈≈x..≈.♣
≈♣...♣♣≈..♣♣
♣♣.≈..≈≈≈≈§♣♣≈♣
...♣♣♣♣≈≈.§♣♣♣...♣♣≈♣♣†♣♣
♣ ..♣♣
♣♣.≈♣§....i♣♣♣.≈..♣ .♣♣
♣≈........4@♣♣♣≈.♣♣ .♣
♣♣≈.######..♣ ♣.♣♣ ≈♣
♣.♣#.)..5..♣ ♣♣♣ ♣♣
♣..#...x.#.♣♣
♣....((..#..♣
♣..†...♣.#..♣
♣≈......)#..♣
♣♣≈.≈≈...#.♣♣ ♣♣♣.≈≈..#.♣


You could see a bunyip (extremely poisoned), a spriggan rider (ally target), a
friendly hellwing (summoned) and a friendly crimson imp (summoned).

Vanquished Creatures
  A frost giant (Orc:2)
  Azrael (D:12)
  An eleionoma (Swamp:2)
  A yaktaur captain (D:13)
  5 hydras
  Harold (D:9)
  2 boulder beetles (D:12)
  A centaur warrior (D:14)
  Erica (D:10)
  4 two-headed ogres
  2 alligators
  A death yak (Lair:5)
  A tengu warrior (D:9)
  9 orc high priests
  Urug (Lair:2)
  A vampire mage (Swamp:1)
  Nergalle (Lair:4)
  2 goliath frogs (Swamp:2)
  A fire crab (shapeshifter) (D:12)
  2 spriggan druids
  3 bog bodies
  Pikel (D:5)
  3 swamp dragons
  2 orc knights
  A lindwurm (Lair:5)
  A deep elf pyromancer (D:12)
  4 manticores
  2 will-o-the-wisps
  7 elephants (Lair:5)
  3 ugly things (D:14)
  3 cyclopes
  A black mamba (Lair:1)
  Joseph (D:8)
  Maurice (D:8)
  A torpor snail (Lair:3)
  2 gargoyles
  Maggie (D:7)
  Psyche (D:8)
  8 cane toads
  6 komodo dragons
  2 yaktaurs (D:13)
  An unseen horror (shapeshifter) (D:14)
  A kobold demonologist (D:12)
  An efreet (D:13)
  A freezing wraith (D:14)
  2 rime drakes
  A queen bee (Lair:5)
  7 meliai (Lair:5)
  12 trolls
  A polar bear (Lair:3)
  A hornet (D:10)
  A merfolk (shapeshifter) (D:12)
  9 blink frogs
  2 tyrant leeches (Swamp:2)
  A meliai zombie (D:11)
  4 slime creatures
  A water elemental (D:13)
  A spriggan (Swamp:1)
  72 yaks
  4 wyverns
  3 wraiths
  2 fire elementals (D:12)
  4 basilisks
  Grum (D:9)
  A steam dragon (Lair:5)
  10 wargs
  13 vampire mosquitoes
  8 swamp worms
  Edmund (D:4)
  2 nagas (Lair:3)
  Duvessa (D:7)
  6 hell hounds (D:12)
  18 water moccasins
  22 orc warriors
  2 sky beasts
  A swamp drake (Swamp:1)
  2 ice beasts (D:6)
  13 wolves
  5 ogres
  6 centaurs
  A lemure (D:5)
  7 bullfrogs
  Dowan (D:7)
  39 killer bees
  A wight (D:7)
  3 electric eels (D:13)
  2 howler monkeys
  4 centaur zombies
  5 jellies (Lair:5)
  2 hounds (D:6)
  Crazy Yiuf (D:7)
  39 orc priests
  A gnoll shaman (D:9)
  Natasha (thrice) (D:2)
  An iguana (D:6)
  20 orc wizards
  A killer bee zombie (D:7)
  A hound zombie (D:5)
  2 hound skeletons (D:4)
  A howler monkey zombie (D:5)
  8 gnolls
  5 adders
  A white imp (D:5)
  An ufetubus (D:6)
  2 adder skeletons (D:4)
  2 worms (D:2)
  A dart slug (D:2)
  84 orcs
  3 ball pythons
  4 bats
  3 endoplasms
  6 giant cockroaches
  8 goblins
  5 hobgoblins
  2 jackals
  10 kobolds
  4 quokkas
  3 training dummies (D:7)
  3 rats
627 creatures vanquished.

Vanquished Creatures (collateral kills)
  A bunyip (Swamp:1)
  A spriggan air mage (Swamp:1)
  A skeletal warrior (D:14)
  A spriggan druid (Swamp:2)
  A bog body (Lair:3)
  An oklob plant (Lair:4)
  3 will-o-the-wisps
  3 black mambas
  3 cane toads
  A komodo dragon (Lair:5)
  A bloated husk (Swamp:1)
  A tyrant leech (Swamp:2)
  A spriggan (Swamp:1)
  A wraith (D:11)
  2 yaks
  4 wyverns
  A vampire (D:10)
  Menkaure (D:4)
  A warg (Orc:1)
  2 swamp worms
  2 water moccasins
  2 orc warriors
  2 ogres
  A centaur (D:7)
  2 wights (D:7)
  2 killer bees (Lair:5)
  An electric eel (D:6)
  A jelly (D:5)
  A scorpion zombie (D:5)
  A gnoll (D:7)
  An adder (D:6)
  A shadow imp (D:6)
  4 orcs
  5 foxfires (D:8)
57 creatures vanquished.

Vanquished Creatures (others)
  2 killer bees (Lair:5)
  An orc (D:8)
  6 bushes (D:7)
  311 foxfires
  38 fungi
  81 plants
439 creatures vanquished.

Grand Total: 1123 creatures vanquished

Notes
Turn   | Place    | Note
-------+----------+-------------------------------------------
     0 | D:1      | airbender the Draconian Wanderer began the quest for the
                  | Orb.
     0 | D:1      | airbender set off with the following items: a +0 club, a +0
                  | dagger; and the following spells available to memorise:
                  | Magic Dart, Foxfire, Apportation, Blink, Call Imp, Slow,
                  | Conjure Flame, Stone Arrow, Mephitic Cloud, Teleport Other
     0 | D:1      | Reached XP level 1. HP: 17/17 MP: 2/2
     2 | D:1      | Learned a level 1 spell: Foxfire
   441 | D:1      | Reached XP level 2. HP: 23/25 MP: 3/3
   659 | D:1      | Found a faded altar of an unknown god.
   840 | D:2      | Noticed Natasha
  1125 | D:2      | Reached skill level 1 in Fire Magic
  1199 | D:2      | Reached XP level 3. HP: 30/30 MP: 5/5
  1252 | D:2      | Killed Natasha
  1259 | D:2      | Noticed Natasha
  1851 | D:2      | Reached XP level 4. HP: 37/37 MP: 6/6
  1865 | D:2      | Noticed Terence
  2400 | D:3      | You fall into a shaft and drop 1 floor!
  2749 | D:4      | Reached XP level 5. HP: 45/45 MP: 2/8
  3090 | D:4      | Learned a level 2 spell: Blink
  3093 | D:4      | Learned a level 2 spell: Call Imp
  3117 | D:4      | Noticed Menkaure
  3681 | D:2      | Killed Natasha
  3682 | D:2      | Reached skill level 1 in Summonings
  3819 | D:2      | Noticed Natasha
  3825 | D:2      | Killed Natasha
  4086 | D:3      | Reached XP level 6. HP: 51/51 MP: 4/9
  4392 | D:3      | Found a burning altar of Makhleb.
  4392 | D:3      | Found a broken altar of Ashenzari.
  4402 | D:3      | Became a worshipper of Makhleb the Destroyer
  4556 | D:4      | Killed Menkaure
  5003 | D:5      | Entered Level 5 of the Dungeon
  5147 | D:5      | Noticed Pikel
  5198 | D:5      | Noticed a sky beast
  5261 | D:5      | Killed Pikel
  5262 | D:5      | Your scales start taking on an icy white colour.
  5262 | D:5      | Reduced skill Fire Magic to level 1
  5262 | D:5      | Reached XP level 7. HP: 60/60 MP: 1/10
  5262 | D:5      | Gained mutation: Your flesh is cold resistant. (rC+) [White
                  | Draconian growth]
  5513 | D:5      | Noticed Edmund
  5593 | D:4      | Killed Edmund
  5594 | D:4      | Reached skill level 5 in Fighting
  5945 | D:5      | Reached XP level 8. HP: 68/68 MP: 1/11
  6288 | D:5      | Found an ornate altar of the Wu Jian Council.
  6644 | D:5      | Reached skill level 1 in Invocations
  6933 | D:5      | Reached skill level 5 in Summonings
  7396 | D:6      | Reached * piety under Makhleb
  7616 | D:6      | Reached skill level 1 in Maces & Flails
  7813 | D:6      | Found a staircase to the Ecumenical Temple.
  8102 | D:7      | Found Garar's Firing Range.
  8182 | D:7      | Identified the +0 hat of the Stallion {Rampage rN+}
  8332 | D:6      | Reached XP level 9. HP: 16/75 MP: 1/12
  9270 | D:7      | Upgraded the game from 0.27-a0-1324-ge0d8e04 to
                  | 0.27-a0-1325-g58a489a
  9439 | D:7      | Noticed Maggie
  9447 | D:7      | Paralysed by Maggie for 3 turns
  9453 | D:7      | Killed Maggie
  9993 | D:7      | Noticed Dowan
 10004 | D:7      | Noticed Duvessa
 10012 | D:7      | Killed Duvessa
 10016 | D:7      | Killed Dowan
 10017 | D:7      | Reached skill level 1 in Polearms
 10106 | D:7      | Found a runed translucent door.
 10107 | D:7      | Noticed Crazy Yiuf
 10126 | D:7      | Killed Crazy Yiuf
 10359 | D:8      | Noticed Psyche
 10644 | D:8      | Found a staircase to the Lair.
 10645 | D:8      | Noticed a komodo dragon
 10690 | D:8      | Reached skill level 2 in Polearms
 10790 | D:8      | Reached skill level 1 in Dodging
 10888 | D:8      | Killed a komodo dragon
 10889 | D:8      | Reached skill level 3 in Polearms
 11084 | D:8      | Noticed Maurice
 11239 | Lair:1   | Entered Level 1 of the Lair of Beasts
 11279 | Lair:1   | Noticed a cane toad
 11292 | Lair:1   | Killed a cane toad
 11293 | Lair:1   | Reached skill level 5 in Invocations
 11525 | Lair:1   | Reached skill level 4 in Polearms
 11525 | Lair:1   | Reached XP level 10. HP: 86/86 MP: 7/13
 11525 | Lair:1   | Noticed a cane toad
 11566 | D:8      | Killed a cane toad
 11734 | D:8      | Killed Psyche
 12228 | D:8      | Noticed Joseph
 12249 | D:8      | Killed Joseph
 12573 | D:8      | Found a glowing golden altar of the Shining One.
 12575 | D:8      | Noticed an angel
 12581 | D:8      | Found a basalt altar of Yredelemnul.
 12583 | D:8      | Noticed a profane servitor
 12647 | D:8      | Reached skill level 5 in Polearms
 13210 | D:9      | Noticed a tengu warrior
 13264 | D:9      | Reached ** piety under Makhleb
 13266 | D:9      | Noticed a cyclops
 13319 | D:8      | HP: 5/132 [killer bee (3)]
 13770 | D:8      | Killed Maurice
 14068 | D:8      | Found a sparkling altar of Nemelex Xobeh.
 14297 | Lair:1   | Reached skill level 6 in Polearms
 14781 | Lair:1   | Noticed a cane toad
 14801 | Lair:1   | Killed a cane toad
 14802 | Lair:1   | Reached skill level 7 in Polearms
 15245 | Lair:1   | Reached XP level 11. HP: 79/95 MP: 15/15
 15469 | Lair:1   | Reached skill level 1 in Evocations
 15519 | Lair:1   | Reached skill level 8 in Polearms
 15752 | Lair:1   | Found a runed translucent door.
 15752 | Lair:1   | Found a shimmering altar of Xom.
 15752 | Lair:1   | Noticed Beischinu's ghost (journeyman MiFi)
 15752 | Lair:1   | Noticed a +2 war axe of chaos
 16179 | Lair:1   | Reached skill level 5 in Dodging
 17244 | Lair:2   | Noticed a six-headed hydra
 17371 | Lair:2   | Noticed Urug
 17386 | Lair:2   | Killed Urug
 17959 | Lair:3   | You fall into a shaft and drop 2 floors!
 17960 | Lair:5   | Noticed a five-headed hydra
 18636 | Lair:3   | Found a staircase to the Snake Pit.
 18909 | Lair:3   | Found a staircase to the Swamp.
 18909 | Lair:3   | Noticed a bog body
 18915 | Lair:3   | Killed a bog body
 18916 | Lair:3   | Reached skill level 10 in Fighting
 18916 | Lair:3   | Reached skill level 9 in Polearms
 19204 | Lair:3   | Reached skill level 5 in Evocations
 19803 | Lair:4   | Reached XP level 12. HP: 69/106 MP: 13/16
 20099 | Lair:4   | Noticed Nergalle
 20113 | Lair:4   | Killed Nergalle
 21353 | Lair:4   | Noticed a six-headed hydra
 21359 | Lair:4   | Killed a six-headed hydra
 21887 | Lair:5   | Noticed an eight-headed hydra
 21900 | Lair:5   | Killed an eight-headed hydra
 22091 | Lair:5   | Killed a five-headed hydra
 22141 | Lair:5   | Noticed a five-headed hydra
 22148 | Lair:5   | Killed a five-headed hydra
 22339 | Lair:5   | Reached *** piety under Makhleb
 22346 | Lair:5   | Reached skill level 10 in Polearms
 23402 | Lair:5   | Found a staircase to the Slime Pits.
 23436 | Lair:5   | Reached XP level 13. HP: 67/116 MP: 13/17
 24553 | Lair:5   | HP: 4/116 [meliai/divine providence (13)]
 25095 | Lair:5   | Reached **** piety under Makhleb
 26815 | D:9      | Reached skill level 10 in Evocations
 26869 | D:9      | HP: 2/117 [orc priest/divine providence (9)]
 27593 | D:9      | Noticed Grum
 27639 | D:9      | Killed Grum
 27753 | D:9      | Noticed Harold
 27788 | D:9      | Reached skill level 11 in Polearms
 27804 | D:9      | Killed Harold
 27936 | D:9      | Reached ***** piety under Makhleb
 28381 | D:10     | Entered Level 10 of the Dungeon
 28826 | D:10     | Found an opulent altar of Gozag.
 28826 | D:10     | Found a shadowy altar of Dithmenos.
 28833 | D:10     | Found a stormy altar of Qazlal.
 28839 | D:10     | Found a blossoming altar of Fedhas.
 28890 | D:10     | Found an ancient bone altar of Kikubaaqudgha.
 29069 | D:10     | Found Gozag's Platinum Reserve.
 29104 | D:10     | Found a staircase to the Orcish Mines.
 29288 | D:10     | Found a bloodstained altar of Trog.
 29325 | D:10     | Found a hide-covered altar of Uskayaw.
 29501 | D:11     | Noticed Erica
 29549 | D:10     | Paralysed by a hornet for 2 turns
 29857 | D:11     | Reached XP level 14. HP: 56/126 MP: 18/18
 30561 | D:11     | Identified the +5 spear of the Queen {flame, rElec rC+
                  | Str+3}
 30905 | D:10     | Killed Erica
 31432 | D:12     | Noticed Azrael
 33445 | D:12     | Killed Azrael
 34254 | D:13     | Noticed a lich
 34255 | D:13     | Noticed Xuta's ghost (journeyman FoFi)
 34257 | D:13     | Noticed a frost giant
 34348 | D:13     | Found a runed translucent door.
 34353 | D:13     | Found a runed translucent door.
 34549 | D:13     | Found a gate to the Vaults.
 35334 | D:13     | Noticed a quicksilver ooze
 35334 | D:13     | a quicksilver ooze changed into a great orb of eyes
 35418 | D:14     | Reached skill level 12 in Polearms
 35722 | D:14     | Learned a level 3 spell: Teleport Other
 35843 | D:14     | Found a portal to a secret trove of treasure.
 36073 | Orc:1    | Entered Level 1 of the Orcish Mines
 36190 | Orc:2    | Entered Level 2 of the Orcish Mines
 36251 | Orc:2    | Found a staircase to the Elven Halls.
 36299 | Orc:2    | Reached skill level 10 in Dodging
 36599 | Orc:1    | Found Yzuris's Weapon Emporium.
 36849 | Orc:2    | Noticed Saint Roka
 37533 | Orc:2    | Noticed Saint Roka
 37533 | Orc:2    | Saint Roka changed into Saint Roka the frost giant
 37560 | Orc:2    | Killed Saint Roka the frost giant
 37561 | Orc:2    | Reached skill level 5 in Translocations
 38687 | Orc:2    | Found Hyvy's Assorted Antiques.
 38687 | Orc:2    | Found Zoim's Armour Emporium.
 38715 | Orc:2    | Reached XP level 15. HP: 114/132 MP: 21/21
 38764 | Orc:2    | Found Xownubeido's Antique Weapon Emporium.
 38845 | Orc:2    | Found Hihijeku's Distillery.
 38961 | Orc:2    | Reached ****** piety under Makhleb
 39329 | Orc:2    | Found Qunkocar's Jewellery Emporium.
 39351 | Orc:2    | Bought a ring of poison resistance for 260 gold pieces
 39351 | Orc:2    | Bought the ring "Appacau" {rN++ Int+4 Dex-3 SInv} for 449
                  | gold pieces
 39427 | Orc:2    | Found Fizestiy's Overcharged Wands.
 39450 | Orc:2    | Bought a wand of acid (25) for 986 gold pieces
 39717 | Swamp:1  | Entered Level 1 of the Swamp
 42453 | Swamp:2  | Reached skill level 13 in Polearms
 42462 | Swamp:2  | Slain by a spriggan rider

Illustrated notes

Levels and vault maps discovered:
D:1:      lightli_arrival_chessboard, layout_rooms, serial_rivers,
          chequers_serial_rivers_micro_b, chequers_serial_rivers_micro_d,
          chequers_serial_rivers_room_b, chequers_serial_rivers_micro_c,
          hellmonk_ecumenical_altar_inner_sanctum, roderic_serpentine_path
D:2:      layout_basic, uniq_terence, uniq_natasha
D:3:      layout_basic, gammafunk_temple_overflow_statue
D:4:      layout_loops_cross, chequers_serial_rivers_micro_c, uniq_menkaure
D:5:      wander_river, layout_basic, nicolae_wu_jian_wuxing_cycle, uniq_pikel,
          uniq_edmund
D:6:      cheibrodos_helix_gallery, layout_rooms, minmay_temple_entry_junction,
          grunt_ministairs_11
D:7:      layout_cave_pools, minmay_stone_trees_large, corexii_leaking_fountain,
          minmay_hedge_maze, st_stairs_3, nicolae_shop_firing_range,
          uniq_crazy_yiuf_cottage, uniq_duvessa, uniq_maggie
D:8:      layout_loops_corners, grunt_temple_overflow_holy_war,
          nemelex_diamond_rough_becter, david_lair_shrubbed,
          minmay_parallelograms, minmay_misc_feat_pillars, uniq_joseph,
          uniq_maurice, uniq_psyche
D:9:      layout_small_grid, small_statue_intersection, grunt_potential,
          uniq_harold, uniq_grum
D:10:     minmay_angry_zag, layout_small_grid,
          grunt_temple_overflow_forces_of_nature, trog_three_pillars_becter,
          kennysheep_little_box, nicolae_gozag_zags_fifth_avenue,
          amcnicky_altar_gilded, general_overflow_altar, orc_0_dummy,
          minivault_25, nrook_uturn
D:11:     layout_rooms, minmay_microvault, uniq_erica
D:12:     layout_basic, uniq_azrael
D:13:     layout_basic, david_vaults_2, muffindrake_ghost_dual_entry,
          serial_aquarium, aquarium_bridge_straight [aquarium_subvault_bridge,
          aquarium_subvault_balcony, aquarium_subvault_bridge,
          aquarium_subvault_window], aquarium_bridge_square
          [aquarium_subvault_window, aquarium_subvault_wall,
          aquarium_subvault_wall, aquarium_subvault_bridge], aquarium_window_1,
          aquarium_window_1, aquarium_view_2b, aquarium_view_2d,
          aquarium_balcony_5a
D:14:     layout_roguey, amcnicky_mini_rare_corridor_liquid, enter_trove_2,
          chequers_serial_rivers_large_a
Lair:1:   layout_layer_cave, ebering_ghost_xom, beast_lair_carwin_8
Lair:2:   layout_cave_pods, uniq_urug
Lair:3:   layout_concentric_octagons, skrybe_swamp_entry_bodies,
          minmay_snake_entry_guardpost_small
Lair:4:   layout_layer_cave, uniq_nergalle
Lair:5:   regret_index_combs_of_tragedy, layout_long_grid,
          nicolae_slime_entry_slimehenge
Swamp:1:  layout_basic_swamp, evilmike_swamp_ruin_house_4
Swamp:2:  layout_falls_marsh, evilmike_swamp_ruin_house_2,
          cheibrodos_swamp_pet_leeches
Orc:1:    layout_diamond_mine, serial_shops, shop, kennysheep_orc_chapel
Orc:2:    st_orc_town, layout_caves, serial_shops, shop,
          nicolae_shop_overcharged_wands, uniq_saint_roka

Skill      XL: |  1  2  3  4  5  6  7  8  9 10 11 12 13 14 15 |
---------------+----------------------------------------------+-----
Stealth        | 3 4 |  4.0
Fire Magic     | 1 2 1 |  1.6
Fighting       | 3 4 5 6 7 8 10 11 12 | 12.0
Conjurations   | 2 3 4 |  4.0
Spellcasting   | 2 3 |  3.5
Summonings     | 1 4 5 6 |  6.0
Shields        | 2 4 |  4.0
Translocations | 2 4 5 6 |  6.6
Invocations    | 3 5 6 8 9 |  9.6
Maces & Flails | 1 2 |  2.4
Polearms       | 4 7 9 10 11 12 13 | 13.0
Dodging        | 2 4 6 7 9 10 | 10.9
Evocations     | 5 8 11 12 | 12.0
Throwing       | |  1.0
Transmutations | |  1.0

Action                   |  1- 3 |  4- 6 |  7- 9 | 10-12 | 13-15 || total
-------------------------+-------+-------+-------+-------+-------++-------
Melee: Club              |    41 |       |       |       |       ||    41
       Dagger            |    15 |       |       |       |       ||    15
       Tailslap          |     3 |     7 |    28 |    95 |   344 ||   477
       Short sword       |       |    59 |     8 |       |       ||    67
       Flail             |       |       |   176 |       |       ||   176
       Halberd           |       |       |    86 |   642 |   594 ||  1322
       Glaive            |       |       |       |       |    45 ||    45
       Spear             |       |       |       |       |  1598 ||  1598
 Fire: Hunting sling     |    80 |    71 |    24 |       |       ||   175
Throw: Stone             |       |     3 |     1 |       |       ||     4
       Dart              |       |       |    24 |     4 |    71 ||    99
       Boomerang         |       |       |       |    30 |    15 ||    45
 Cast: Foxfire           |     8 |    78 |    72 |     5 |       ||   163
       Call Imp          |       |     3 |   102 |   151 |    60 ||   316
       Blink             |       |       |     1 |    14 |    20 ||    35
Invok: Lesser Servant of |       |       |       |       |    17 ||    17
       Minor Destruction |       |       |       |       |     1 ||     1
       Major Destruction |       |       |       |       |     1 ||     1
 Abil: Breathe Frost     |       |       |    10 |     5 |     7 ||    22
Evoke: Wand              |       |       |       |    21 |    47 ||    68
  Use: Scroll            |     2 |     4 |     8 |    11 |    11 ||    36
       Potion            |       |       |       |     8 |     3 ||    11
 Stab: Distracted        |       |     1 |     5 |    11 |     7 ||    24
       Sleeping          |       |     1 |       |     5 |    11 ||    17
       Paralysed         |       |       |       |       |    41 ||    41
Armor: Skin              |    32 |    64 |   173 |   334 |   611 ||  1214
Dodge: Dodged            |    63 |   105 |   169 |   423 |  1112 ||  1872
Block: Buckler           |       |       |    46 |       |   177 ||   223

Table legend: (Time is in decaauts)
 A = Elapsed time spent in this place.
 B = Non-inter-level travel time spent in this place.
 C = Inter-level travel time spent in this place.
 D = Time resting spent in this place.
 E = Time spent auto-exploring this place.
 F = Levels seen in this place.
 G = Mean time per level.
                   A        B        C        D        E       F      G
               +--------+--------+--------+--------+--------+-----+--------+
         Total |  42123 |  40203 |   1920 |   7795 |  23199 |  23 | 1831.4 |
       Dungeon |  23847 |  22714 |   1133 |   3957 |  13597 |  14 | 1703.4 |
          Lair |  12804 |  12219 |    585 |   1925 |   7983 |   5 | 2560.8 |
         Swamp |   2344 |   2258 |     86 |   1009 |    803 |   2 | 1172.0 |
  Orcish Mines |   3126 |   3011 |    115 |    904 |    815 |   2 | 1563.0 |
               +--------+--------+--------+--------+--------+-----+--------+

Top non-repeatable levels by time:
  Lair:5: 4169 daAuts
     D:8: 4024 daAuts
  Lair:4: 2721 daAuts
  Lair:1: 2509 daAuts
    D:12: 2433 daAuts
  Lair:3: 2144 daAuts
    D:10: 2021 daAuts
 Swamp:1: 2017 daAuts
     D:2: 1863 daAuts
     D:7: 1862 daAuts
     D:9: 1783 daAuts
   Orc:2: 1765 daAuts
     D:5: 1734 daAuts
     D:6: 1684 daAuts
     D:4: 1485 daAuts
